 Dungeon Crawl Stone Soup version 0.19.0-22-gd96e5fe (webtiles) character file.

163 Haldmier the Cudgeler (level 5, -3/50 HPs)
             Began as an Ogre Hunter on Nov 18, 2016.
             Slain by an iguana (4 damage)
             ... on level 4 of the Dungeon.
             The game lasted 00:10:59 (3735 turns).

Haldmier the Cudgeler (Ogre Hunter)                 Turns: 3735, Time: 00:11:01

Health: -3/50      AC:  3    Str: 17    XL:     5   Next: 44%
Magic:  5/5        EV: 10    Int: 11    God:
Gold:   187        SH:  0    Dex: 10    Spells: 0 memorised, 4 levels left

rFire  . . .     SeeInvis .     m - +2 mace (protect)
rCold  . . .     Gourm    .     b - +0 robe
rNeg   . . .     Faith    .     (no shield)
rPois  .         Spirit   .     (helmet restricted)
rElec  .         Reflect  .     (no cloak)
rCorr  .         Harm     .     (gloves unavailable)
MR     .....                    (boots unavailable)
Stlth  +.........               (no amulet)
                                (no ring)
                                (no ring)

@: no status effects
A: unfitting armour, tough skin 1
a: no special abilities


You were on level 4 of the Dungeon.
You were very hungry.

You visited 2 branches of the dungeon, and saw 5 of its levels.

You collected 187 gold pieces.

Inventory:

Hand Weapons
 e - a +0 whip of pain
 m - a +2 mace of protection (weapon)
Missiles
 c - 3 large rocks (quivered)
 d - 2 throwing nets
 x - 7 javelins
Armour
 b - a +0 robe (worn)
Scrolls
 h - a scroll of blinking {unknown}
 j - 4 scrolls of enchant weapon {unknown}
 k - 2 scrolls of fog {unknown}
 n - a scroll of recharging {unknown}
 o - 2 scrolls of immolation {unknown}
 t - 3 scrolls of random uselessness {unknown}
 u - a scroll of amnesia {unknown}
 y - a scroll of noise {unknown}
 z - 2 scrolls of enchant armour {unknown}
Potions
 a - a potion of might {unknown}
 g - a potion of curing {unknown}
 i - 2 potions of haste {unknown}
 l - a potion of resistance {unknown}
 p - 5 potions of agility
 v - a potion of brilliance {unknown}
 w - a potion of mutation {unknown}
Comestibles
 f - 3 bread rations
 q - a beef jerky
 r - 2 meat rations
 s - 8 fruits


   Skills:
 - Level 2.6 Fighting
 + Level 6.6 Maces & Flails
 - Level 4.0 Throwing
 - Level 1.7 Dodging
 - Level 0.6 Stealth


You had 4 spell levels left.
You didn't know any spells.

Dungeon Overview and Level Annotations

Branches:
Dungeon (4/15)             Temple (1/1) D:4

Altars:
Cheibriados
Dithmenos
Elyvilon
Fedhas
Gozag
Hepliaklqana
Makhleb
Nemelex Xobeh
Okawaru
Qazlal
Ru
Sif Muna
Trog
Uskayaw
Vehumet
Xom
Yredelemnul
Zin


Innate Abilities, Weirdness & Mutations

You are too large for most types of armour.
You have tough skin. (AC +1)


Message History

Quiver which item? (- for none, * to show all) (? for menu, Esc to quit)
Quivering
c - 5 large rocks for throwing.
Throwing (i - inventory. (,) - cycle):
c - 5 large rocks (quivered)
Press: ? - help, Shift-Dir - straight line, f - iguana
Aim: an iguana (lightly wounded)
You throw a large rock. The large rock hits the iguana!
The iguana is heavily wounded.
The iguana bites you!
* * * LOW HITPOINT WARNING * * *
The iguana barely misses you.
Throwing (i - inventory. (,) - cycle):
c - 4 large rocks (quivered)
Press: ? - help, Shift-Dir - straight line, f/p - iguana
Aim: an iguana (heavily wounded)
You throw a large rock.
The large rock hits the iguana but does no damage.
The iguana is heavily wounded.
The iguana bites you.
* * * LOW HITPOINT WARNING * * *
The iguana bites you.
You die...

.....##########.......#
....looo..............# #.#.##..
.....#######..........# #.#....
..$...######..........# #.#...
......................# #....
......########........# #...
....#.# #........# #.... ....#.#
######.#l###### #.#.# ....#.#
#......#@# #.#.#
.#.>#.###......#.## #.#.#
...............)........#.#.#
........>......#.########.#.###.#
.......#######.#.########.#......
####...####.................###.#
...'...'.......#.########.#...<.#
#########....#.........##.<......
..... ###......#####.#######..#


You could see an iguana.

Vanquished Creatures
  An orc priest (D:4)
  Robin (D:3)
  An adder (D:3)
  2 oozes (D:3)
  3 worms
  4 dart slugs
  A leopard gecko (D:4)
  8 orcs
  3 ball pythons
  10 bats
  5 giant cockroaches
  11 goblins
  6 hobgoblins
  5 jackals
  A quokka (D:3)
  4 frilled lizards
  6 kobolds
  4 rats
76 creatures vanquished.

Notes
Turn   | Place    | Note
-------+----------+-------------------------------------------
     0 | D:1      | Haldmier the Ogre Hunter began the quest for the Orb.
     0 | D:1      | Reached XP level 1. HP: 22/22 MP: 1/1
   117 | D:1      | Reached skill level 1 in Maces & Flails
   348 | D:1      | Found a sparkling altar of Nemelex Xobeh.
   363 | D:1      | Reached skill level 2 in Maces & Flails
   440 | D:1      | Reached XP level 2. HP: 28/29 MP: 2/2
   933 | D:1      | Reached skill level 3 in Maces & Flails
  1059 | D:1      | Reached XP level 3. HP: 23/36 MP: 3/3
  1848 | D:2      | Found a shadowy altar of Dithmenos.
  1858 | D:2      | Reached skill level 4 in Maces & Flails
  1945 | D:2      | Found an opulent altar of Gozag.
  2052 | D:2      | Found a glowing silver altar of Zin.
  2052 | D:2      | Noticed an angel
  2497 | D:3      | Reached XP level 4. HP: 36/44 MP: 4/4
  2603 | D:3      | Reached skill level 5 in Maces & Flails
  2874 | D:3      | Noticed Robin
  2903 | D:3      | Killed Robin
  3059 | D:3      | Noticed an air elemental
  3060 | D:3      | Found a stormy altar of Qazlal.
  3065 | D:3      | Noticed an earth elemental
  3076 | D:3      | Reached skill level 6 in Maces & Flails
  3076 | D:3      | Reached XP level 5. HP: 40/50 MP: 5/5
  3181 | D:3      | Noticed a fire elemental
  3181 | D:3      | Noticed a water elemental
  3365 | D:4      | Found a staircase to the Ecumenical Temple.
  3408 | Temple   | Entered the Ecumenical Temple
  3735 | D:4      | HP: 1/50 [iguana (2)]
  3735 | D:4      | Slain by an iguana

Skill      XL: |  1  2  3  4 |
---------------+-------------+-----
Maces & Flails | 2 3 4 6 |  6.6
Fighting       | |  2.6
Throwing       | |  4.0
Dodging        | |  1.7
Stealth        | |  0.6

Action                   |  1- 3 |  4- 6 || total
-------------------------+-------+-------++-------
Melee: Whip              |   146 |       ||   146
       Short sword       |     1 |       ||     1
       Mace              |    44 |   112 ||   156
Throw: Javelin           |       |     3 ||     3
       Large rock        |       |     2 ||     2
 Stab: Sleeping          |     2 |       ||     2
  Eat: Chunk             |     5 |     2 ||     7
       Fruit             |       |     1 ||     1
Armor: Robe              |    62 |    43 ||   105
Dodge: Dodged            |    95 |    60 ||   155
